San Jose Sharks vs Vegas Golden Knights
Created - Thursday, May 9, 2024 at 06:59
Goals
|
| San Jose Sharks |
0 |
3 |
1 |
4 |
| Vegas Golden Knights |
1 |
1 |
1 |
3 |
|
Shots
|
| San Jose Sharks |
6 |
19 |
8 |
33 |
| Vegas Golden Knights |
6 |
10 |
10 |
26 |
|
1st period
1. Vegas Golden Knights , Nikolaj Ehlers 22 (Alex Chiasson 12, Marc Staal 11) at 9:27
Penalties :
No Penalty
2nd period
2. San Jose Sharks , Valeri Nichushkin 35 (Rickard Rakell 14, Adam Henrique 41) at 4:30 (PP)
3. San Jose Sharks , Christian Dvorak 16 (Dylan Strome 36, Ivan Barbashev 33) at 10:14
4. Vegas Golden Knights , Alex Chiasson 11 (Eric Staal 8, Marc-Edouard Vlasic 8) at 13:44
5. San Jose Sharks , Christian Dvorak 17 (Dylan Strome 37, Derek Forbort 21) at 14:09
Penalties :
Chris Kreider (VGK) for High sticking (Minor) at 4:23, Simon Benoit (SJS) for Charging (Minor) at 7:54, Tyler Bertuzzi (VGK) for Hooking (Minor) at 16:24
3rd period
6. San Jose Sharks , Victor Olofsson 7 (Ilya Mikheyev 7, Ryan Hartman 14) at 7:07
7. Vegas Golden Knights , Sean Couturier 14 (Roman Josi 33, Shea Theodore 17) at 10:04
Penalties :
Christopher Tanev (SJS) for Tripping (Minor) at 3:04, Jordan Staal (VGK) for Holding (Minor) at 13:46
Goalie Stats
Ilya Samsonov (SJS), 23 saves from 26 shots - (0.885), W, 26-17-7, 60:00 minutes
Alexandar Georgiev (VGK), 29 saves from 33 shots - (0.879), L, 27-15-3, 59:14 minutes
Players Stats for San Jose Sharks
Player Name G A P +/- PIM S H SB GA TA FO MP PP MP PK MP
------------------------------------------------------------------------------------
Adam Henrique 0 1 1 0 0 3 0 0 1 0 1/2 17:17 1:58 1:56
Andreas Athanasiou 0 0 0 0 0 1 1 0 0 1 0/0 12:30 0:00 0:00
Christian Dvorak 2 0 2 1 0 3 2 1 0 0 10/19 16:20 0:00 0:00
Christopher Tanev 0 0 0 0 2 0 2 0 0 0 0/0 17:52 0:00 0:56
Derek Forbort 0 1 1 0 0 1 2 2 0 0 0/0 20:45 2:34 1:42
Dylan Strome 0 2 2 1 0 2 1 0 0 0 0/1 16:54 2:07 0:00
Ilya Mikheyev 0 1 1 0 0 3 0 1 0 0 0/0 9:37 0:00 0:00
Ivan Barbashev 0 1 1 1 0 4 1 1 1 0 1/1 16:53 2:07 0:00
Joel Edmundson 0 0 0 -1 0 0 1 2 0 0 0/0 23:25 1:31 2:06
Kailer Yamamoto 0 0 0 0 0 1 3 0 0 2 0/0 13:31 0:00 0:00
Patrik Nemeth 0 0 0 -1 0 0 2 0 0 2 0/0 17:59 0:00 0:04
Rickard Rakell 0 1 1 -1 0 4 1 0 0 0 1/1 19:26 1:58 1:55
Ryan Hartman 0 1 1 0 0 1 0 0 0 1 0/1 8:44 0:00 0:14
Simon Benoit 0 0 0 1 2 2 4 5 0 0 0/0 19:52 1:31 0:43
Simon Nemec 0 0 0 1 0 1 1 2 0 0 0/0 20:15 2:34 2:25
Valeri Nichushkin 1 0 1 -1 0 2 0 0 2 1 2/4 18:32 1:58 1:55
Victor Olofsson 1 0 1 0 0 1 0 0 1 1 0/0 7:52 0:00 0:00
William Karlsson 0 0 0 -1 0 4 1 1 1 0 11/16 18:16 2:07 1:56
Players Stats for Vegas Golden Knights
Player Name G A P +/- PIM S H SB GA TA FO MP PP MP PK MP
------------------------------------------------------------------------------------
Alex Chiasson 1 1 2 0 0 4 0 0 0 0 0/0 10:32 1:43 0:00
Chris Kreider 0 0 0 -1 2 4 3 1 1 0 1/2 18:40 1:55 0:41
Eric Staal 0 1 1 0 0 1 0 0 0 1 2/6 10:47 0:00 2:01
Jack Roslovic 0 0 0 2 0 1 0 1 1 1 0/0 16:09 2:03 0:00
Joe Pavelski 0 0 0 -1 0 1 1 1 0 0 2/3 18:11 1:55 0:07
John Marino 0 0 0 1 0 0 0 1 0 0 0/0 18:02 0:00 1:48
Jonathan Drouin 0 0 0 0 0 0 0 0 1 0 0/1 7:58 0:00 0:00
Jordan Staal 0 0 0 -1 2 1 0 0 0 0 1/3 13:42 0:00 1:04
Marc Staal 0 1 1 1 0 0 1 1 0 1 0/0 16:58 0:00 2:10
Marc-Edouard Vlasic 0 1 1 1 0 2 0 2 0 0 0/0 16:39 0:00 1:56
Nikolaj Ehlers 1 0 1 2 0 3 0 0 0 0 2/2 17:16 2:03 0:00
Reilly Smith 0 0 0 -1 0 0 0 1 3 0 0/0 14:39 1:55 0:29
Roman Josi 0 1 1 -1 0 2 0 5 1 0 0/0 24:25 2:15 0:21
Sean Couturier 1 0 1 2 0 1 2 1 0 0 4/11 19:12 2:03 1:54
Sean Monahan 0 0 0 -1 0 4 0 0 1 0 7/16 17:52 0:00 1:54
Shea Theodore 0 1 1 -2 0 0 0 1 0 3 0/0 22:44 1:43 0:36
Travis Hamonic 0 0 0 1 0 0 2 0 0 0 0/0 16:34 0:00 1:19
Tyler Bertuzzi 0 0 0 -2 2 2 2 1 0 0 0/1 15:32 2:15 0:00
3 Stars
1 - Christian Dvorak (SJS)
2 - Sean Couturier (VGK)
3 - Dylan Strome (SJS)
Power Play
San Jose Sharks - 1 on 3 Attempt(s) - 33.33%
Vegas Golden Knights - 0 on 2 Attempt(s) - 0.00%
Penalty Kill
San Jose Sharks - 2 on 2 Attempt(s) - 100.00%
- Score 0 goal in Penalty Kill
Vegas Golden Knights - 2 on 3 Attempt(s) - 66.67%
- Score 0 goal in Penalty Kill
Team Stat
San Jose Sharks - Hits : 22 - Faceoff Wins : 26 - Blocked Shots : 15 - Penalty Minutes : 4
Vegas Golden Knights - Hits : 11 - Faceoff Wins : 19 - Blocked Shots : 16 - Penalty Minutes : 6
Official
Referees : Kendrick Nicholson and Dave Jackson
Linesman : Mike Cvik and Jonny Murray
Game Notes
No Game Note
Finance
Level 1 -- Attendance: 5729 (95.48%) -- Ticket Income $544,255
Level 2 -- Attendance: 4949 (98.98%) -- Ticket Income $272,195
Level 3 -- Attendance: 2681 (89.37%) -- Ticket Income $80,430
Level 4 -- Attendance: 5000 (100.00%) -- Ticket Income $100,000
Luxury Box -- Attendance: 908 (90.80%) -- Ticket Income $172,520
Game was played at the T-Mobile Arena.
Total Attendance: 19267 (96.34%)
Total Ticket Income: $1,169,400
Other Income: $409,290
Total Income: $1,578,690
San Jose Sharks
5 vs 5 Forward
Center Left Wing Right Wing Time % Phy DF OF
1 William Karlsson Valeri Nichushkin Rickard Rakell 30 1 2 2
2 Christian Dvorak Dylan Strome Ivan Barbashev 30 1 2 2
3 Adam Henrique Andreas Athanasiou Kailer Yamamoto 25 1 2 2
4 Ryan Hartman Victor Olofsson Ilya Mikheyev 15 1 2 2
5 vs 5 Defense
Defense Defense Time % Phy DF OF
1 Christopher Tanev Derek Forbort 35 1 2 2
2 Joel Edmundson Patrik Nemeth 35 1 2 2
3 Simon Benoit Simon Nemec 30 1 2 2
4 Christopher Tanev Derek Forbort 0 1 2 2
PowerPlay Forward
Center Left Wing Right Wing Time % Phy DF OF
1 Adam Henrique Valeri Nichushkin Rickard Rakell 50 1 2 2
2 William Karlsson Dylan Strome Ivan Barbashev 50 1 2 2
PowerPlay Defense
Defense Defense Time % Phy DF OF
1 Simon Benoit Joel Edmundson 50 1 2 2
2 Derek Forbort Simon Nemec 50 1 2 2
Penalty Kill 4 Players Forward
Center Wing Time % Phy DF OF
1 Valeri Nichushkin Rickard Rakell 50 1 2 2
2 Adam Henrique William Karlsson 50 1 2 2
Penalty Kill 4 Players Defense
Defense Defense Time % Phy DF OF
1 Derek Forbort Simon Benoit 50 1 2 2
2 Joel Edmundson Christopher Tanev 50 1 2 2
Penalty Kill - 3 Players Forward
Forward Time % Phy DF OF
1 Valeri Nichushkin 50 1 2 2
2 Rickard Rakell 50 1 2 2
Penalty Kill - 3 Players Defense
Defense Defense Time % Phy DF OF
1 Derek Forbort Christopher Tanev 50 1 2 2
2 Simon Benoit Joel Edmundson 50 1 2 2
4 vs 4 Forward
Center Wing Time % Phy DF OF
1 Valeri Nichushkin Rickard Rakell 50 1 2 2
2 Adam Henrique William Karlsson 50 1 2 2
4 vs 4 Defense
Defense Defense Time % Phy DF OF
1 Simon Benoit Simon Nemec 50 1 2 2
2 Derek Forbort Patrik Nemeth 50 1 2 2
Last Minutes Offensive
Center Left Wing Right Wing Defense Defense
Adam Henrique Valeri Nichushkin Rickard Rakell Joel Edmundson Simon Benoit
Last Minutes Defensive
Center Left Wing Right Wing Defense Defense
Adam Henrique Valeri Nichushkin Rickard Rakell Joel Edmundson Simon Benoit
Goaltenders
Starting : Ilya Samsonov
Backup : Logan Thompson
Extra Forwards
Normal : Kailer Yamamoto, Christian Dvorak, Ryan Hartman - PP : Kailer Yamamoto, Christian Dvorak - PK : Ryan Hartman
Extra Defensemen
Normal : Simon Benoit, Simon Nemec, Derek Forbort - PP : Simon Benoit - PK : Simon Nemec, Derek Forbort
Penalty Shots
Valeri Nichushkin, Rickard Rakell, Adam Henrique, William Karlsson, Dylan Strome
Vegas Golden Knights
5 vs 5 Forward
Center Left Wing Right Wing Time % Phy DF OF
1 Sean Monahan Chris Kreider Joe Pavelski 35 1 2 2
2 Sean Couturier Nikolaj Ehlers Jack Roslovic 30 1 2 2
3 Jordan Staal Tyler Bertuzzi Reilly Smith 25 1 2 2
4 Eric Staal Jonathan Drouin Alex Chiasson 10 1 2 2
5 vs 5 Defense
Defense Defense Time % Phy DF OF
1 Roman Josi Shea Theodore 35 1 2 2
2 Marc Staal John Marino 30 1 2 2
3 Marc-Edouard Vlasic Travis Hamonic 25 1 2 2
4 Roman Josi Shea Theodore 10 1 2 2
PowerPlay Forward
Center Left Wing Right Wing Time % Phy DF OF
1 Joe Pavelski Chris Kreider Reilly Smith 50 1 2 2
2 Sean Couturier Nikolaj Ehlers Jack Roslovic 50 1 2 2
PowerPlay Defense
Defense Defense Time % Phy DF OF
1 Tyler Bertuzzi Roman Josi 50 1 2 2
2 Alex Chiasson Shea Theodore 50 1 2 2
Penalty Kill 4 Players Forward
Center Wing Time % Phy DF OF
1 Sean Couturier Sean Monahan 50 1 2 2
2 Eric Staal Jordan Staal 50 1 2 2
Penalty Kill 4 Players Defense
Defense Defense Time % Phy DF OF
1 John Marino Travis Hamonic 50 1 2 2
2 Marc-Edouard Vlasic Marc Staal 50 1 2 2
Penalty Kill - 3 Players Forward
Forward Time % Phy DF OF
1 Sean Couturier 50 1 2 2
2 Jordan Staal 50 1 2 2
Penalty Kill - 3 Players Defense
Defense Defense Time % Phy DF OF
1 John Marino Travis Hamonic 50 1 2 2
2 Eric Staal Marc Staal 50 1 2 2
4 vs 4 Forward
Center Wing Time % Phy DF OF
1 Joe Pavelski Chris Kreider 50 1 2 2
2 Jonathan Drouin Alex Chiasson 50 1 2 2
4 vs 4 Defense
Defense Defense Time % Phy DF OF
1 Roman Josi Shea Theodore 50 1 2 2
2 Marc-Edouard Vlasic John Marino 50 1 2 2
Last Minutes Offensive
Center Left Wing Right Wing Defense Defense
Joe Pavelski Chris Kreider Nikolaj Ehlers Roman Josi John Marino
Last Minutes Defensive
Center Left Wing Right Wing Defense Defense
Sean Couturier Jordan Staal Sean Monahan Marc Staal Travis Hamonic
Goaltenders
Starting : Alexandar Georgiev
Backup : Philipp Grubauer
Extra Forwards
Normal : Reilly Smith, Joe Pavelski, Chris Kreider - PP : Sean Monahan, Sean Couturier - PK : Reilly Smith
Extra Defensemen
Normal : John Marino, Roman Josi, Shea Theodore - PP : Marc Staal - PK : Shea Theodore, Roman Josi
Penalty Shots
Jack Roslovic, Sean Monahan, Joe Pavelski, Chris Kreider, Eric Staal
% Time on Ice - San Jose Sharks
Lines # - Real PCT - Wanted PCT - Time Play
Normal Forward
1 - 28% - 30% - 14:19
2 - 32% - 30% - 16:02
3 - 25% - 25% - 12:30
4 - 16% - 15% - 7:52
Normal Defense
1 - 34% - 35% - 17:08
2 - 37% - 35% - 18:50
3 - 28% - 30% - 14:20
4 - 1% - 0% - 0:25
PP Forward
1 - 48% - 50% - 1:58
2 - 52% - 50% - 2:07
PP Defense
1 - 37% - 50% - 1:31
2 - 63% - 50% - 2:34
PK Forward
1 - 48% - 50% - 1:55
2 - 52% - 50% - 2:03
PK Defense
1 - 49% - 50% - 1:56
2 - 51% - 50% - 2:02
PK3 Forward
1 - 0% - 50%
2 - 0% - 50%
PK3 Defense
1 - 0% - 50%
2 - 0% - 50%
44 Forward
1 - 0% - 50%
2 - 0% - 50%
44 Defense
1 - 0% - 50%
2 - 0% - 50%
Last Minute Offensive - 0:00
Last Minute Defensive - 1:14
Total
Forward - 60:00
Defense - 60:00
|
% Time on Ice - Vegas Golden Knights
Lines # - Real PCT - Wanted PCT - Time Play
Normal Forward
1 - 32% - 35% - 16:03
2 - 30% - 30% - 15:13
3 - 23% - 25% - 11:33
4 - 16% - 10% - 7:58
Normal Defense
1 - 34% - 35% - 17:05
2 - 30% - 30% - 15:09
3 - 29% - 25% - 14:43
4 - 8% - 10% - 3:50
PP Forward
1 - 48% - 50% - 1:55
2 - 52% - 50% - 2:03
PP Defense
1 - 57% - 50% - 2:15
2 - 43% - 50% - 1:43
PK Forward
1 - 47% - 50% - 1:54
2 - 53% - 50% - 2:11
PK Defense
1 - 47% - 50% - 1:55
2 - 53% - 50% - 2:10
PK3 Forward
1 - 0% - 50%
2 - 0% - 50%
PK3 Defense
1 - 0% - 50%
2 - 0% - 50%
44 Forward
1 - 0% - 50%
2 - 0% - 50%
44 Defense
1 - 0% - 50%
2 - 0% - 50%
Last Minute Offensive - 1:10
Last Minute Defensive - 0:00
Total
Forward - 60:00
Defense - 60:00
|
Play-by-Play
1st period
0:01 of 1st period - William Karlsson wins face-off versus Sean Monahan in neutral zone.
0:12 of 1st period - Sean Monahan is hit by Christopher Tanev and loses puck.
0:46 of 1st period - Slapshot by Kailer Yamamoto.
0:46 of 1st period - Shot Blocked by John Marino.
0:52 of 1st period - Patrik Nemeth is hit by Marc Staal and loses puck.
1:11 of 1st period - Wrist shot by Alex Chiasson.
1:11 of 1st period - Stopped by Ilya Samsonov with a rebound.
1:13 of 1st period - Wrist shot by Marc-Edouard Vlasic.
1:13 of 1st period - Shot Misses the Net.
1:15 of 1st period - Slapshot by Marc-Edouard Vlasic.
1:15 of 1st period - Deflect By Ryan Hartman.
1:15 of 1st period - Stopped by Ilya Samsonov with a rebound.
1:17 of 1st period - Slapshot by Alex Chiasson.
1:17 of 1st period - Stopped by Ilya Samsonov without a rebound.
1:18 of 1st period - Christian Dvorak wins face-off versus Sean Monahan in San Jose Sharks zone.
1:29 of 1st period - Ivan Barbashev is hit by Chris Kreider and loses puck.
3:52 of 1st period - Snap shot by Ilya Mikheyev.
3:52 of 1st period - Stopped by Alexandar Georgiev without a rebound.
3:53 of 1st period - Eric Staal wins face-off versus Ryan Hartman in Vegas Golden Knights zone.
4:15 of 1st period - Icing by John Marino.
4:16 of 1st period - William Karlsson wins face-off versus Eric Staal in Vegas Golden Knights zone.
4:45 of 1st period - Snap shot by Adam Henrique.
4:45 of 1st period - Stopped by Alexandar Georgiev without a rebound.
4:46 of 1st period - Sean Monahan wins face-off versus Adam Henrique in Vegas Golden Knights zone.
5:00 of 1st period - Off-side.
5:01 of 1st period - Sean Couturier wins face-off versus Christian Dvorak in neutral zone.
5:26 of 1st period - Sean Monahan is hit by Christopher Tanev.
5:34 of 1st period - Snap shot by Sean Monahan.
5:34 of 1st period - Stopped by Ilya Samsonov with a rebound.
5:36 of 1st period - Wrist shot by Chris Kreider.
5:36 of 1st period - Shot Blocked by William Karlsson.
6:15 of 1st period - Wrist shot by Ryan Hartman.
6:15 of 1st period - Stopped by Alexandar Georgiev without a rebound.
6:16 of 1st period - Sean Monahan wins face-off versus Christian Dvorak in Vegas Golden Knights zone.
6:31 of 1st period - Wrist shot by Dylan Strome.
6:31 of 1st period - Shot Misses the Net.
6:34 of 1st period - Icing by Marc-Edouard Vlasic.
6:35 of 1st period - Valeri Nichushkin wins face-off versus Sean Monahan in Vegas Golden Knights zone.
6:42 of 1st period - Snap shot by William Karlsson.
6:42 of 1st period - Stopped by Alexandar Georgiev with a rebound.
7:35 of 1st period - Off-side.
7:36 of 1st period - Christian Dvorak wins face-off versus Sean Couturier in neutral zone.
7:43 of 1st period - Slapshot by Dylan Strome.
7:43 of 1st period - Shot Blocked by Roman Josi.
9:27 of 1st period - Snap shot by Nikolaj Ehlers.
9:27 of 1st period - Goal by Nikolaj Ehlers - San Jose Sharks : 0 - Vegas Golden Knights : 1.
9:28 of 1st period - Nikolaj Ehlers wins face-off versus Christian Dvorak in neutral zone.
9:37 of 1st period - Slapshot by Nikolaj Ehlers.
9:37 of 1st period - Shot Blocked by Simon Benoit.
9:55 of 1st period - Jordan Staal is hit by Simon Nemec.
10:01 of 1st period - William Karlsson is hit by Tyler Bertuzzi and loses puck.
10:10 of 1st period - Reilly Smith is hit by Rickard Rakell and loses puck.
11:42 of 1st period - Snap shot by Adam Henrique.
11:42 of 1st period - Shot Blocked by Reilly Smith.
12:27 of 1st period - Slapshot by Dylan Strome.
12:27 of 1st period - Shot Misses the Net.
13:09 of 1st period - Wrist shot by Adam Henrique.
13:09 of 1st period - Stopped by Alexandar Georgiev with a rebound.
13:11 of 1st period - Snap shot by Kailer Yamamoto.
13:11 of 1st period - Shot Misses the Net.
13:27 of 1st period - Snap shot by Jack Roslovic.
13:27 of 1st period - Deflect By Sean Couturier.
13:27 of 1st period - Shot Blocked by Ilya Mikheyev.
13:27 of 1st period - Puck is out of play.
13:28 of 1st period - Christian Dvorak wins face-off versus Sean Monahan in San Jose Sharks zone.
14:42 of 1st period - Travis Hamonic is hit by Christian Dvorak and loses puck.
14:57 of 1st period - Sean Monahan is hit by Kailer Yamamoto.
15:37 of 1st period - Wrist shot by Kailer Yamamoto.
15:37 of 1st period - Stopped by Alexandar Georgiev without a rebound.
15:38 of 1st period - Sean Monahan wins face-off versus Christian Dvorak in Vegas Golden Knights zone.
15:53 of 1st period - Wrist shot by Chris Kreider.
15:53 of 1st period - Shot Blocked by Christian Dvorak.
15:55 of 1st period - Snap shot by Sean Monahan.
15:55 of 1st period - Stopped by Ilya Samsonov with a rebound.
16:58 of 1st period - Chris Kreider is hit by Simon Benoit and loses puck.
17:29 of 1st period - Wrist shot by William Karlsson.
17:29 of 1st period - Shot Misses the Net.
18:27 of 1st period - Nikolaj Ehlers is hit by Kailer Yamamoto.
19:32 of 1st period - Snap shot by Chris Kreider.
19:32 of 1st period - Shot Misses the Net.
Goals for this period are 0 for San Jose Sharks vs 1 for Vegas Golden Knights.
Shots for this period are 6 for San Jose Sharks vs 6 for Vegas Golden Knights.
2nd period
0:01 of 2nd period - Christian Dvorak wins face-off versus Sean Monahan in neutral zone.
0:06 of 2nd period - Wrist shot by Christian Dvorak.
0:06 of 2nd period - Stopped by Alexandar Georgiev with a rebound.
0:08 of 2nd period - Snap shot by Patrik Nemeth.
0:08 of 2nd period - Shot Blocked by Shea Theodore.
0:10 of 2nd period - Wrist shot by Ivan Barbashev.
0:10 of 2nd period - Stopped by Alexandar Georgiev with a rebound.
0:14 of 2nd period - Snap shot by Ivan Barbashev.
0:14 of 2nd period - Shot Misses the Net.
0:16 of 2nd period - Snap shot by Christian Dvorak.
0:16 of 2nd period - Shot Blocked by Joe Pavelski.
0:26 of 2nd period - Patrik Nemeth is hit by Tyler Bertuzzi and loses puck.
0:53 of 2nd period - Snap shot by William Karlsson.
0:53 of 2nd period - Stopped by Alexandar Georgiev with a rebound.
0:58 of 2nd period - Icing by Nikolaj Ehlers.
0:59 of 2nd period - Sean Couturier wins face-off versus Dylan Strome in Vegas Golden Knights zone.
1:19 of 2nd period - Wrist shot by Sean Couturier.
1:19 of 2nd period - Deflect By Nikolaj Ehlers.
1:19 of 2nd period - Shot Misses the Net.
1:19 of 2nd period - Puck is out of play.
1:20 of 2nd period - William Karlsson wins face-off versus Sean Monahan in San Jose Sharks zone.
1:23 of 2nd period - Snap shot by Chris Kreider.
1:23 of 2nd period - Stopped by Ilya Samsonov without a rebound.
1:24 of 2nd period - Sean Monahan wins face-off versus William Karlsson in San Jose Sharks zone.
2:02 of 2nd period - Slapshot by Sean Monahan.
2:02 of 2nd period - Stopped by Ilya Samsonov without a rebound.
2:03 of 2nd period - Christian Dvorak wins face-off versus Tyler Bertuzzi in San Jose Sharks zone.
3:56 of 2nd period - Shea Theodore is hit by Andreas Athanasiou and loses puck.
4:23 of 2nd period - Minor Penalty to Chris Kreider for High sticking.
4:24 of 2nd period - Adam Henrique wins face-off versus Sean Couturier in Vegas Golden Knights zone.
4:30 of 2nd period - Wrist shot by Valeri Nichushkin.
4:30 of 2nd period - Goal by Valeri Nichushkin - San Jose Sharks : 1 - Vegas Golden Knights : 1.
4:31 of 2nd period - Christian Dvorak wins face-off versus Sean Monahan in neutral zone.
4:36 of 2nd period - Joe Pavelski is hit by Derek Forbort and loses puck.
5:26 of 2nd period - Slapshot by Nikolaj Ehlers.
5:26 of 2nd period - Stopped by Ilya Samsonov without a rebound.
5:27 of 2nd period - Christian Dvorak wins face-off versus Sean Monahan in San Jose Sharks zone.
5:27 of 2nd period - Christian Dvorak is hit by Joe Pavelski.
5:42 of 2nd period - Off-side.
5:43 of 2nd period - William Karlsson wins face-off versus Jordan Staal in neutral zone.
6:15 of 2nd period - Snap shot by Chris Kreider.
6:15 of 2nd period - Shot Misses the Net.
6:55 of 2nd period - Wrist shot by Alex Chiasson.
6:55 of 2nd period - Shot Misses the Net.
6:57 of 2nd period - Snap shot by Alex Chiasson.
6:57 of 2nd period - Stopped by Ilya Samsonov with a rebound.
6:59 of 2nd period - Snap shot by Roman Josi.
6:59 of 2nd period - Shot Misses the Net.
7:11 of 2nd period - Roman Josi is hit by Derek Forbort and loses puck.
7:18 of 2nd period - Slapshot by Valeri Nichushkin.
7:18 of 2nd period - Stopped by Alexandar Georgiev with a rebound.
7:20 of 2nd period - Slapshot by Rickard Rakell.
7:20 of 2nd period - Stopped by Alexandar Georgiev with a rebound.
7:38 of 2nd period - Slapshot by Shea Theodore.
7:38 of 2nd period - Shot Misses the Net.
7:40 of 2nd period - Snap shot by Sean Monahan.
7:40 of 2nd period - Stopped by Ilya Samsonov with a rebound.
7:42 of 2nd period - Snap shot by Joe Pavelski.
7:42 of 2nd period - Shot Blocked by Simon Benoit.
7:44 of 2nd period - Wrist shot by Sean Monahan.
7:44 of 2nd period - Shot Blocked by Simon Benoit.
7:54 of 2nd period - Minor Penalty to Simon Benoit for Charging.
7:55 of 2nd period - Valeri Nichushkin wins face-off versus Chris Kreider in San Jose Sharks zone.
9:54 of 2nd period - Penalty to Simon Benoit is over, Simon Benoit is back on ice.
10:05 of 2nd period - Tyler Bertuzzi is hit by Patrik Nemeth and loses puck.
10:12 of 2nd period - Wrist shot by Dylan Strome.
10:12 of 2nd period - Stopped by Alexandar Georgiev with a rebound.
10:14 of 2nd period - Snap shot by Christian Dvorak.
10:14 of 2nd period - Goal by Christian Dvorak - San Jose Sharks : 2 - Vegas Golden Knights : 1.
10:15 of 2nd period - Christian Dvorak wins face-off versus Sean Couturier in neutral zone.
10:40 of 2nd period - Marc-Edouard Vlasic is hit by Kailer Yamamoto and loses puck.
11:03 of 2nd period - Snap shot by Valeri Nichushkin.
11:03 of 2nd period - Shot Misses the Net.
11:05 of 2nd period - Slapshot by Derek Forbort.
11:05 of 2nd period - Stopped by Alexandar Georgiev without a rebound.
11:06 of 2nd period - Jordan Staal wins face-off versus William Karlsson in Vegas Golden Knights zone.
11:19 of 2nd period - Slapshot by William Karlsson.
11:19 of 2nd period - Stopped by Alexandar Georgiev with a rebound.
11:33 of 2nd period - Slapshot by Ivan Barbashev.
11:33 of 2nd period - Stopped by Alexandar Georgiev with a rebound.
11:41 of 2nd period - Snap shot by Sean Monahan.
11:41 of 2nd period - Shot Blocked by Simon Benoit.
11:43 of 2nd period - Slapshot by Roman Josi.
11:43 of 2nd period - Stopped by Ilya Samsonov with a rebound.
11:45 of 2nd period - Slapshot by Shea Theodore.
11:45 of 2nd period - Shot Misses the Net.
12:32 of 2nd period - Snap shot by Rickard Rakell.
12:32 of 2nd period - Stopped by Alexandar Georgiev without a rebound.
12:33 of 2nd period - Sean Monahan wins face-off versus William Karlsson in Vegas Golden Knights zone.
12:38 of 2nd period - Snap shot by Joe Pavelski.
12:38 of 2nd period - Shot Misses the Net.
13:44 of 2nd period - Wrist shot by Alex Chiasson.
13:44 of 2nd period - Goal by Alex Chiasson - San Jose Sharks : 2 - Vegas Golden Knights : 2.
13:45 of 2nd period - Chris Kreider wins face-off versus Christian Dvorak in neutral zone.
13:48 of 2nd period - Slapshot by Roman Josi.
13:48 of 2nd period - Stopped by Ilya Samsonov with a rebound.
13:50 of 2nd period - Slapshot by Roman Josi.
13:50 of 2nd period - Shot Blocked by Derek Forbort.
13:52 of 2nd period - Slapshot by Roman Josi.
13:52 of 2nd period - Deflect By Chris Kreider.
13:52 of 2nd period - Shot Misses the Net.
13:52 of 2nd period - Puck is out of play.
13:53 of 2nd period - Christian Dvorak wins face-off versus Sean Monahan in San Jose Sharks zone.
14:09 of 2nd period - Backhand shot by Christian Dvorak.
14:09 of 2nd period - Goal by Christian Dvorak - San Jose Sharks : 3 - Vegas Golden Knights : 2.
14:10 of 2nd period - Sean Monahan wins face-off versus Valeri Nichushkin in neutral zone.
14:15 of 2nd period - Slapshot by Roman Josi.
14:15 of 2nd period - Shot Misses the Net.
14:21 of 2nd period - Joe Pavelski is hit by Joel Edmundson and loses puck.
14:41 of 2nd period - Snap shot by Sean Couturier.
14:41 of 2nd period - Shot Misses the Net.
14:43 of 2nd period - Slapshot by Nikolaj Ehlers.
14:43 of 2nd period - Shot Blocked by Joel Edmundson.
15:49 of 2nd period - Backhand shot by Joe Pavelski.
15:49 of 2nd period - Stopped by Ilya Samsonov with a rebound.
16:01 of 2nd period - Snap shot by Nikolaj Ehlers.
16:01 of 2nd period - Shot Misses the Net.
16:24 of 2nd period - Minor Penalty to Tyler Bertuzzi for Hooking.
16:25 of 2nd period - William Karlsson wins face-off versus Eric Staal in Vegas Golden Knights zone.
16:25 of 2nd period - Slapshot by Dylan Strome.
16:25 of 2nd period - Stopped by Alexandar Georgiev without a rebound.
16:26 of 2nd period - William Karlsson wins face-off versus Eric Staal in Vegas Golden Knights zone.
16:27 of 2nd period - Slapshot by Ivan Barbashev.
16:27 of 2nd period - Stopped by Alexandar Georgiev without a rebound.
16:28 of 2nd period - William Karlsson wins face-off versus Eric Staal in Vegas Golden Knights zone.
16:37 of 2nd period - Wrist shot by William Karlsson.
16:37 of 2nd period - Stopped by Alexandar Georgiev without a rebound.
16:38 of 2nd period - Rickard Rakell wins face-off versus Sean Couturier in Vegas Golden Knights zone.
16:43 of 2nd period - Snap shot by Valeri Nichushkin.
16:43 of 2nd period - Shot Blocked by Sean Couturier.
17:05 of 2nd period - Simon Nemec is hit by Sean Couturier and loses puck.
17:10 of 2nd period - Snap shot by Sean Couturier.
17:10 of 2nd period - Shot Blocked by Simon Nemec.
17:12 of 2nd period - Slapshot by Marc-Edouard Vlasic.
17:12 of 2nd period - Stopped by Ilya Samsonov without a rebound.
17:13 of 2nd period - Eric Staal wins face-off versus William Karlsson in San Jose Sharks zone.
17:41 of 2nd period - Snap shot by Rickard Rakell.
17:41 of 2nd period - Shot Blocked by Marc-Edouard Vlasic.
17:43 of 2nd period - Slapshot by Derek Forbort.
17:43 of 2nd period - Shot Blocked by Marc-Edouard Vlasic.
17:45 of 2nd period - Wrist shot by Simon Nemec.
17:45 of 2nd period - Stopped by Alexandar Georgiev with a rebound.
18:24 of 2nd period - Penalty to Tyler Bertuzzi is over, Tyler Bertuzzi is back on ice.
18:55 of 2nd period - Backhand shot by Sean Couturier.
18:55 of 2nd period - Shot Misses the Net.
18:57 of 2nd period - Slapshot by Roman Josi.
18:57 of 2nd period - Shot Misses the Net.
19:23 of 2nd period - Andreas Athanasiou is hit by Travis Hamonic and loses puck.
19:39 of 2nd period - Snap shot by Adam Henrique.
19:39 of 2nd period - Shot Misses the Net.
19:41 of 2nd period - Snap shot by Andreas Athanasiou.
19:41 of 2nd period - Shot Blocked by Tyler Bertuzzi.
19:43 of 2nd period - Wrist shot by Adam Henrique.
19:43 of 2nd period - Deflect By Andreas Athanasiou.
19:43 of 2nd period - Stopped by Alexandar Georgiev with a rebound.
19:45 of 2nd period - Wrist shot by Adam Henrique.
19:45 of 2nd period - Stopped by Alexandar Georgiev without a rebound.
19:46 of 2nd period - William Karlsson wins face-off versus Jonathan Drouin in Vegas Golden Knights zone.
Goals for this period are 3 for San Jose Sharks vs 1 for Vegas Golden Knights.
Shots for this period are 19 for San Jose Sharks vs 10 for Vegas Golden Knights.
3rd period
0:01 of 3rd period - Ivan Barbashev wins face-off versus Sean Couturier in neutral zone.
0:26 of 3rd period - Jordan Staal is hit by Simon Benoit and loses puck.
0:49 of 3rd period - John Marino is hit by Simon Benoit and loses puck.
0:57 of 3rd period - Slapshot by Simon Benoit.
0:57 of 3rd period - Stopped by Alexandar Georgiev with a rebound.
2:26 of 3rd period - Backhand shot by Rickard Rakell.
2:26 of 3rd period - Stopped by Alexandar Georgiev without a rebound.
2:27 of 3rd period - Christian Dvorak wins face-off versus Joe Pavelski in Vegas Golden Knights zone.
2:30 of 3rd period - Slapshot by Dylan Strome.
2:30 of 3rd period - Shot Blocked by Chris Kreider.
2:32 of 3rd period - Slapshot by Simon Benoit.
2:32 of 3rd period - Shot Blocked by Roman Josi.
2:34 of 3rd period - Wrist shot by Ivan Barbashev.
2:34 of 3rd period - Shot Blocked by Roman Josi.
2:36 of 3rd period - Snap shot by Simon Benoit.
2:36 of 3rd period - Stopped by Alexandar Georgiev with a rebound.
2:38 of 3rd period - Wrist shot by Ivan Barbashev.
2:38 of 3rd period - Shot Misses the Net.
3:04 of 3rd period - Minor Penalty to Christopher Tanev for Tripping.
3:05 of 3rd period - Nikolaj Ehlers wins face-off versus Valeri Nichushkin in San Jose Sharks zone.
3:07 of 3rd period - Wrist shot by Nikolaj Ehlers.
3:07 of 3rd period - Shot Misses the Net.
3:09 of 3rd period - Slapshot by Nikolaj Ehlers.
3:09 of 3rd period - Shot Misses the Net.
3:11 of 3rd period - Snap shot by Jack Roslovic.
3:11 of 3rd period - Stopped by Ilya Samsonov with a rebound.
3:13 of 3rd period - Wrist shot by Sean Couturier.
3:13 of 3rd period - Shot Blocked by Simon Nemec.
3:19 of 3rd period - Snap shot by Sean Couturier.
3:19 of 3rd period - Shot Blocked by Joel Edmundson.
3:21 of 3rd period - Slapshot by Roman Josi.
3:21 of 3rd period - Shot Misses the Net.
5:04 of 3rd period - Penalty to Christopher Tanev is over, Christopher Tanev is back on ice.
5:21 of 3rd period - Tyler Bertuzzi is hit by Dylan Strome and loses puck.
6:41 of 3rd period - Snap shot by Ivan Barbashev.
6:41 of 3rd period - Stopped by Alexandar Georgiev with a rebound.
7:03 of 3rd period - Slapshot by Ilya Mikheyev.
7:03 of 3rd period - Stopped by Alexandar Georgiev with a rebound.
7:05 of 3rd period - Slapshot by Victor Olofsson.
7:05 of 3rd period - Deflect By Ilya Mikheyev.
7:05 of 3rd period - Stopped by Alexandar Georgiev with a rebound.
7:07 of 3rd period - Snap shot by Victor Olofsson.
7:07 of 3rd period - Goal by Victor Olofsson - San Jose Sharks : 4 - Vegas Golden Knights : 2.
7:08 of 3rd period - Sean Couturier wins face-off versus William Karlsson in neutral zone.
7:17 of 3rd period - Snap shot by Valeri Nichushkin.
7:17 of 3rd period - Shot Blocked by Jack Roslovic.
7:19 of 3rd period - Snap shot by Patrik Nemeth.
7:19 of 3rd period - Shot Blocked by Roman Josi.
7:23 of 3rd period - Snap shot by Rickard Rakell.
7:23 of 3rd period - Stopped by Alexandar Georgiev with a rebound.
7:25 of 3rd period - Slapshot by Patrik Nemeth.
7:25 of 3rd period - Shot Blocked by Roman Josi.
7:39 of 3rd period - Snap shot by Tyler Bertuzzi.
7:39 of 3rd period - Deflect By Jordan Staal.
7:39 of 3rd period - Deflect By Dylan Strome.
7:39 of 3rd period - Stopped by Ilya Samsonov with a rebound.
7:41 of 3rd period - Slapshot by Tyler Bertuzzi.
7:41 of 3rd period - Deflect By Dylan Strome.
7:41 of 3rd period - Stopped by Ilya Samsonov with a rebound.
8:13 of 3rd period - Shea Theodore is hit by Patrik Nemeth and loses puck.
8:22 of 3rd period - Slapshot by Jonathan Drouin.
8:22 of 3rd period - Deflect By Eric Staal.
8:22 of 3rd period - Stopped by Ilya Samsonov with a rebound.
8:24 of 3rd period - Slapshot by Shea Theodore.
8:24 of 3rd period - Shot Misses the Net.
8:56 of 3rd period - Snap shot by Chris Kreider.
8:56 of 3rd period - Stopped by Ilya Samsonov without a rebound.
8:57 of 3rd period - Sean Monahan wins face-off versus Christian Dvorak in San Jose Sharks zone.
9:22 of 3rd period - Simon Benoit is hit by Sean Couturier and loses puck.
9:40 of 3rd period - Off-side.
9:41 of 3rd period - William Karlsson wins face-off versus Jordan Staal in neutral zone.
9:52 of 3rd period - Wrist shot by Tyler Bertuzzi.
9:52 of 3rd period - Shot Misses the Net.
9:54 of 3rd period - Snap shot by Jordan Staal.
9:54 of 3rd period - Shot Blocked by Derek Forbort.
9:56 of 3rd period - Slapshot by John Marino.
9:56 of 3rd period - Deflect By Tyler Bertuzzi.
9:56 of 3rd period - Stopped by Ilya Samsonov without a rebound.
9:57 of 3rd period - Sean Couturier wins face-off versus Christian Dvorak in San Jose Sharks zone.
9:58 of 3rd period - Snap shot by Nikolaj Ehlers.
9:58 of 3rd period - Shot Misses the Net.
10:00 of 3rd period - Slapshot by Shea Theodore.
10:00 of 3rd period - Shot Blocked by Ivan Barbashev.
10:02 of 3rd period - Snap shot by Roman Josi.
10:02 of 3rd period - Shot Misses the Net.
10:04 of 3rd period - Slapshot by Sean Couturier.
10:04 of 3rd period - Goal by Sean Couturier - San Jose Sharks : 4 - Vegas Golden Knights : 3.
10:05 of 3rd period - William Karlsson wins face-off versus Sean Couturier in neutral zone.
10:59 of 3rd period - Snap shot by Tyler Bertuzzi.
10:59 of 3rd period - Shot Misses the Net.
11:15 of 3rd period - Eric Staal is hit by Simon Benoit and loses puck.
11:26 of 3rd period - Snap shot by Ilya Mikheyev.
11:26 of 3rd period - Shot Misses the Net.
11:56 of 3rd period - Nikolaj Ehlers is hit by Ivan Barbashev and loses puck.
12:29 of 3rd period - Wrist shot by Sean Monahan.
12:29 of 3rd period - Shot Misses the Net.
13:46 of 3rd period - Minor Penalty to Jordan Staal for Holding.
13:47 of 3rd period - William Karlsson wins face-off versus Sean Couturier in Vegas Golden Knights zone.
14:02 of 3rd period - Ivan Barbashev is hit by Travis Hamonic and loses puck.
14:25 of 3rd period - Slapshot by Valeri Nichushkin.
14:25 of 3rd period - Shot Blocked by Marc Staal.
15:31 of 3rd period - Simon Nemec is hit by Chris Kreider and loses puck.
15:46 of 3rd period - Penalty to Jordan Staal is over, Jordan Staal is back on ice.
16:56 of 3rd period - Christian Dvorak is hit by Chris Kreider and loses puck.
17:03 of 3rd period - John Marino is hit by Christian Dvorak and loses puck.
17:22 of 3rd period - Marc-Edouard Vlasic is hit by William Karlsson and loses puck.
19:14 of 3rd period - Vegas Golden Knights, Alexandar Georgiev is pulled from the net.
19:18 of 3rd period - Wrist shot by Chris Kreider.
19:18 of 3rd period - Stopped by Ilya Samsonov without a rebound.
19:19 of 3rd period - Lindy Ruff call a timeout for Vegas Golden Knights.
19:19 of 3rd period - Joe Pavelski wins face-off versus Christian Dvorak in San Jose Sharks zone.
19:30 of 3rd period - Slapshot by Nikolaj Ehlers.
19:30 of 3rd period - Stopped by Ilya Samsonov without a rebound.
19:31 of 3rd period - Joe Pavelski wins face-off versus Christian Dvorak in San Jose Sharks zone.
19:36 of 3rd period - Snap shot by Joe Pavelski.
19:36 of 3rd period - Shot Blocked by Simon Benoit.
19:40 of 3rd period - Wrist shot by Chris Kreider.
19:40 of 3rd period - Stopped by Ilya Samsonov with a rebound.
Goals for this period are 1 for San Jose Sharks vs 1 for Vegas Golden Knights.
Shots for this period are 8 for San Jose Sharks vs 10 for Vegas Golden Knights.
Back to the Top